MLB
MONTREAL EXPOS @ HOUSTON ASTROS
02/27/2044
 
TOP OF THE 1ST
Montreal Expos batting - Pitching for Houston Astros : RHP Bill Tulk
Pitching: RHP Bill Tulk
Batting: RHB Robby Juarez 0-0: SINGLE (Groundball, 5D, EV 96.9 MPH)
Batting: LHB Steve Anderson 0-0: SINGLE (Groundball, 5S, EV 71.9 MPH) (infield hit)
Robby Juarez to second
Batting: RHB Mike Salmon 0-0: Ball
1-0: Called Strike
1-1: Ball
Robby Juarez steals 3rd base (no throw)
2-1: Ball
3-1: Grounds into double play, 6-4-3 (Groundball, 6, EV 99.4 MPH)
Robby Juarez scores
Batting: RHB Hugo Bautista 0-0: Ball
1-0: Fly out, F4 (Popup, 4M, EV 56.3 MPH)
Top of the 1st over - 1 run, 2 hits, 0 errors, 0 left on base; Montreal 1 - Houston 0
BOTTOM OF THE 1ST
Houston Astros batting - Pitching for Montreal Expos : LHP Kyle Schlosschlonghair
Pitching: LHP Kyle Schlosschlonghair
Batting: RHB Chang-wei Jiang 0-0: Ball
1-0: Called Strike
1-1: Foul Ball, location: 2F
1-2: Foul Ball, location: 2F
1-2: Foul Ball, location: 2F
1-2: Ball
2-2: Fly out, F8 (Line Drive, 8LD, EV 94.4 MPH)
Batting: RHB Jeremy Trump 0-0: Called Strike
0-1: Ground out 4-3 (Groundball, 4, EV 87.5 MPH)
Batting: SHB Addick de Vries 0-0: Ball
1-0: Ball
2-0: Fly out, F8 (Flyball, 8LM, EV 91.3 MPH)
Bottom of the 1st over - 0 runs, 0 hits, 0 errors, 0 left on base; Montreal 1 - Houston 0
TOP OF THE 2ND
Montreal Expos batting - Pitching for Houston Astros : RHP Bill Tulk
Batting: LHB Jimmy Buscemi 0-0: Ball
1-0: Fly out, F8 (Flyball, 8RD, EV 90.6 MPH)
Batting: RHB Martin Chavez 0-0: Ball
1-0: Ground out U3 (Groundball, 34, EV 89.4 MPH)
Batting: SHB Bran Stark 0-0: Foul Ball, location: 2F
0-1: Ball
1-1: Ball
2-1: Ball
3-1: Ground out 4-3 (Groundball, 4, EV 105.6 MPH)
Top of the 2nd over - 0 runs, 0 hits, 0 errors, 0 left on base; Montreal 1 - Houston 0
BOTTOM OF THE 2ND
Houston Astros batting - Pitching for Montreal Expos : LHP Kyle Schlosschlonghair
Batting: RHB Danny Dyer 0-0: Swinging Strike
0-1: Ball
1-1: Foul Ball, location: 2F
1-2: Foul Ball, location: 2F
1-2: Ball
2-2: Strikes out swinging
Batting: RHB Josh Froyd 0-0: Ball
1-0: Ground out 6-3 (Groundball, 56, EV 105.0 MPH)
Batting: RHB Trevor Mock 0-0: Fly out, F8 (Flyball, 8RD, EV 86.9 MPH)
Bottom of the 2nd over - 0 runs, 0 hits, 0 errors, 0 left on base; Montreal 1 - Houston 0
TOP OF THE 3RD
Montreal Expos batting - Pitching for Houston Astros : RHP Bill Tulk
Batting: RHB Wen-hua Lei 0-0: Swinging Strike
0-1: Ball
1-1: Ball
2-1: Ball
3-1: Foul Ball, location: 2F
3-2: Ground out 5-3 (Groundball, 5, EV 85.6 MPH)
Batting: RHB Wing-kit Bu 0-0: Ball
1-0: Ball
2-0: Foul Ball, location: 2F
2-1: Fly out, F8 (Flyball, 8RXD, EV 103.1 MPH)
Batting: RHB Robby Juarez 0-0: Called Strike
0-1: Fly out, F3 (Popup, 3F, EV 66.9 MPH)
Top of the 3rd over - 0 runs, 0 hits, 0 errors, 0 left on base; Montreal 1 - Houston 0
BOTTOM OF THE 3RD
Houston Astros batting - Pitching for Montreal Expos : LHP Kyle Schlosschlonghair
Batting: RHB Mark Barger 0-0: Ball
1-0: Swinging Strike
1-1: Called Strike
1-2: Strikes out swinging
Batting: SHB Joe Gardner 0-0: SINGLE (Line Drive, 9LS, EV 105.6 MPH)
Batting: RHB Antonio Aranda 0-0: Ball
1-0: Called Strike
1-1: Grounds into double play, 6-4-3 (Groundball, 6, EV 98.8 MPH)
Bottom of the 3rd over - 0 runs, 1 hit, 0 errors, 0 left on base; Montreal 1 - Houston 0
TOP OF THE 4TH
Montreal Expos batting - Pitching for Houston Astros : RHP Bill Tulk
Batting: LHB Steve Anderson 0-0: Fly out, F8 (Line Drive, 8RM, EV 93.1 MPH)
Batting: RHB Mike Salmon 0-0: Called Strike
0-1: Ball
1-1: Foul Ball, location: 2F
1-2: Ball
2-2: Ball
3-2: Foul Ball, location: 2F
3-2: Strikes out swinging
Batting: RHB Hugo Bautista 0-0: Called Strike
0-1: Foul Ball, location: 2F
0-2: Ball
1-2: Foul Ball, location: 2F
1-2: Foul Ball, location: 2F
1-2: Fly out, F2 (Popup, 3SF, EV 76.3 MPH)
Top of the 4th over - 0 runs, 0 hits, 0 errors, 0 left on base; Montreal 1 - Houston 0
BOTTOM OF THE 4TH
Houston Astros batting - Pitching for Montreal Expos : LHP Kyle Schlosschlonghair
Batting: RHB Chang-wei Jiang 0-0: SINGLE (Groundball, 56S, EV 72.5 MPH) (infield hit)
Batting: RHB Jeremy Trump 0-0: Ball
1-0: Called Strike
1-1: Foul Ball, location: 2F
1-2: Fly out, F9 (Flyball, 89M, EV 88.8 MPH)
Batting: SHB Addick de Vries 0-0: Ball
1-0: Swinging Strike
1-1: Ball
2-1: Foul Ball, location: 2F
2-2: Strikes out swinging
Batting: RHB Danny Dyer 0-0: Ball
1-0: Called Strike
1-1: Ball
2-1: Ball
3-1: SINGLE (Groundball, 5S, EV 67.5 MPH) (infield hit)
Chang-wei Jiang to second
Batting: RHB Josh Froyd 0-0: Foul Ball, location: 2F
0-1: Ball
1-1: Ball
2-1: Swinging Strike
2-2: Foul Ball, location: 2F
2-2: Fly out, F8 (Flyball, 8LS, EV 79.4 MPH)
Bottom of the 4th over - 0 runs, 2 hits, 0 errors, 2 left on base; Montreal 1 - Houston 0
TOP OF THE 5TH
Montreal Expos batting - Pitching for Houston Astros : RHP Bill Tulk
Pitching: RHP Mike Chisolm
Batting: LHB Jimmy Buscemi 0-0: Foul Ball, location: 2F
0-1: Foul Ball, location: 2F
0-2: Ground out 4-3 (Groundball, 4, EV 87.5 MPH)
Batting: RHB Martin Chavez 0-0: Swinging Strike
0-1: Foul Ball, location: 2F
0-2: Ball
1-2: Strikes out swinging
Batting: SHB Bran Stark 0-0: Called Strike
0-1: Foul Ball, location: 2F
0-2: Foul Ball, location: 2F
0-2: Ball
1-2: Foul Ball, location: 2F
1-2: Strikes out swinging
Top of the 5th over - 0 runs, 0 hits, 0 errors, 0 left on base; Montreal 1 - Houston 0
BOTTOM OF THE 5TH
Houston Astros batting - Pitching for Montreal Expos : LHP Kyle Schlosschlonghair
Pitching: RHP John Haight
Batting: RHB Trevor Mock 0-0: Ball
1-0: Ball
2-0: Foul Ball, location: 2F
2-1: Foul Ball, location: 2F
2-2: Ball
3-2: Strikes out swinging
Batting: RHB Mark Barger 0-0: Ball
1-0: Ball
2-0: SINGLE (Flyball, 9LS, EV 95.6 MPH)
Batting: SHB Joe Gardner 0-0: Ball
1-0: Ball
2-0: Swinging Strike
2-1: Foul Ball, location: 2F
2-2: Fly out, F5 (Popup, 56S, EV 81.3 MPH)
Pinch Hitting: LHB Bryce Hill 0-0: 2-RUN HOME RUN (Flyball, 7D, EV 107.5 MPH), Distance : 401 ft
Batting: RHB Chang-wei Jiang 0-0: Called Strike
0-1: Ground out 5-3 (Groundball, 56, EV 86.9 MPH)
Bottom of the 5th over - 2 runs, 2 hits, 0 errors, 0 left on base; Montreal 1 - Houston 2
TOP OF THE 6TH
Montreal Expos batting - Pitching for Houston Astros : RHP Mike Chisolm
Now in RF: Tyler Babbitt
Batting: RHB Wen-hua Lei 0-0: Ball
1-0: Fly out, F5 (Popup, 5SF, EV 75.6 MPH)
Pinch Hitting: SHB Hans Mikkelsen 0-0: Foul Ball, location: 2F
0-1: Ball
1-1: Foul Ball, location: 2F
1-2: Ball
2-2: Ball
3-2: Foul Ball, location: 2F
3-2: Ground out 2-3 (Groundball, 15S, EV 72.5 MPH)
Batting: RHB Robby Juarez 0-0: Called Strike
0-1: Called Strike
0-2: Ball
1-2: Ball
2-2: Ball
3-2: Strikes out swinging
Top of the 6th over - 0 runs, 0 hits, 0 errors, 0 left on base; Montreal 1 - Houston 2
BOTTOM OF THE 6TH
Houston Astros batting - Pitching for Montreal Expos : RHP John Haight
Now in CF: Bran Stark
Now in RF: Hans Mikkelsen
Batting: RHB Jeremy Trump 0-0: Hit by Pitch
Batting: SHB Addick de Vries 0-0: Ball
1-0: Called Strike
1-1: Called Strike
1-2: Ball
2-2: Fly out, F9 (Flyball, 9S, EV 88.8 MPH)
Batting: RHB Danny Dyer 0-0: Ball
1-0: Foul Ball, location: 2F
1-1: Ball
2-1: Called Strike
2-2: SINGLE (Flyball, 5D, EV 88.1 MPH)
Jeremy Trump to second
Batting: RHB Josh Froyd 0-0: Swinging Strike
0-1: DOUBLE (Line Drive, 78XD, EV 99.4 MPH)
Jeremy Trump scores
Danny Dyer to third
Runner from 3rd tries for Home, SAFE, throw by CF to home
Pitching: RHP Eric Hudson
Batting: RHB Trevor Mock 0-0: Ball
1-0: Ground out 4-3 (Groundball, 6MD, EV 100.6 MPH)
Josh Froyd to third
Batting: RHB Mark Barger 0-0: Ball
1-0: Ball
2-0: Ball
3-0: Called Strike
3-1: Foul Ball, location: 2F
3-2: Base on Balls
Batting: SHB Joe Gardner 0-0: Foul Ball, location: 2F
0-1: Ball
1-1: Ball
2-1: Ball
3-1: Fielders Choice at 2nd, U4 (Groundball, 4M, EV 84.4 MPH)
Bottom of the 6th over - 2 runs, 2 hits, 0 errors, 2 left on base; Montreal 1 - Houston 4
TOP OF THE 7TH
Montreal Expos batting - Pitching for Houston Astros : RHP Mike Chisolm
Pitching: RHP Jose Guajardo
Batting: LHB Steve Anderson 0-0: Foul Ball, location: 2F
0-1: Foul Ball, location: 2F
0-2: Ball
1-2: Ground out 6-3 (Groundball, 6MS, EV 85.6 MPH)
Batting: RHB Mike Salmon 0-0: Called Strike
0-1: Called Strike
0-2: Ball
1-2: Ground out 5-3 (Groundball, 56, EV 89.4 MPH)
Batting: RHB Hugo Bautista 0-0: Ball
1-0: Ball
2-0: Ball
3-0: Fly out, F7 (Flyball, 78D, EV 86.9 MPH)
Top of the 7th over - 0 runs, 0 hits, 0 errors, 0 left on base; Montreal 1 - Houston 4
BOTTOM OF THE 7TH
Houston Astros batting - Pitching for Montreal Expos : RHP Eric Hudson
Pitching: LHP David Sedillo
Batting: LHB Tyler Babbitt 0-0: Called Strike
0-1: Foul Ball, location: 2F
0-2: Ball
1-2: Strikes out looking
Pinch Hitting: SHB Nate Kopchak 0-0: Ball
1-0: Ground out 6-3 (Groundball, 6, EV 96.9 MPH)
Pinch Hitting: RHB Matt Thompson 0-0: Foul Ball, location: 2F
0-1: Ball
1-1: Swinging Strike
1-2: Ball
2-2: Ball
3-2: Base on Balls
Batting: LHB Nick Foutz 0-0: Ball
1-0: Ball
Matt Thompson steals 2nd base
2-0: SINGLE (Groundball, 34D, EV 103.8 MPH)
Matt Thompson to third
Runner from 3rd tries for Home, throw by RF and OUT! 9-2
Bottom of the 7th over - 0 runs, 1 hit, 0 errors, 1 left on base; Montreal 1 - Houston 4
TOP OF THE 8TH
Montreal Expos batting - Pitching for Houston Astros : RHP Jose Guajardo
Now at 2B: Matt Thompson
Now at 3B: Nate Kopchak
Batting: LHB Jimmy Buscemi 0-0: Ball
1-0: Ball
2-0: Ball
3-0: Called Strike
3-1: Foul Ball, location: 2F
3-2: Strikes out looking
Batting: RHB Martin Chavez 0-0: Swinging Strike
0-1: Ball
1-1: Foul Ball, location: 2F
1-2: Ball
2-2: Ground out 5-3 (Groundball, 5, EV 106.9 MPH)
Batting: SHB Bran Stark 0-0: Ball
1-0: Foul Ball, location: 2F
1-1: Foul Ball, location: 2F
1-2: Ball
2-2: Fly out, F2 (Popup, 2LF, EV 95.0 MPH)
Top of the 8th over - 0 runs, 0 hits, 0 errors, 0 left on base; Montreal 1 - Houston 4
BOTTOM OF THE 8TH
Houston Astros batting - Pitching for Montreal Expos : LHP David Sedillo
Batting: RHB Danny Dyer 0-0: Called Strike
0-1: Ball
1-1: Ball
2-1: Swinging Strike
2-2: Foul Ball, location: 2F
2-2: Foul Ball, location: 2F
2-2: Ball
3-2: Ground out 6-3 (Groundball, P, EV 79.4 MPH)
Batting: RHB Josh Froyd 0-0: Ball
1-0: Fly out, F7 (Flyball, 78M, EV 94.4 MPH)
Pinch Hitting: LHB Bob Myers 0-0: Foul Ball, location: 2F
0-1: Ball
1-1: Called Strike
1-2: Ball
2-2: Ball
3-2: Foul Ball, location: 2F
3-2: Ground out 6-3 (Groundball, 6D, EV 91.9 MPH)
Bottom of the 8th over - 0 runs, 0 hits, 0 errors, 0 left on base; Montreal 1 - Houston 4
TOP OF THE 9TH
Montreal Expos batting - Pitching for Houston Astros : RHP Jose Guajardo
Pitching: LHP Brian Thomas
Now in LF: Bob Myers
Now in CF: Joe Gardner
Batting: RHB Wen-hua Lei 0-0: Ball
1-0: DOUBLE (Flyball, 78XD, EV 103.8 MPH)
Batting: SHB Hans Mikkelsen 0-0: Ball
1-0: Called Strike
1-1: SINGLE (Groundball, 6D, EV 103.8 MPH)
Wen-hua Lei to third
Pinch Hitting: RHB Danny Diaz 0-0: Ball
1-0: Called Strike
1-1: Swinging Strike
1-2: Foul Ball, location: 2F
1-2: Foul Ball, location: 2F
1-2: Ball
2-2: Strikes out swinging
Pinch Hitting: LHB Danny Hull 0-0: Ball
1-0: Called Strike
1-1: Swinging Strike
1-2: Strikes out swinging
Batting: RHB John Ham 0-0: Called Strike
0-1: Ball
1-1: Ball
2-1: Foul Ball, location: 2F
2-2: Strikes out swinging, 2-3 out at first.
Top of the 9th over - 0 runs, 2 hits, 0 errors, 2 left on base; Montreal 1 - Houston 4
Thursday, March 31st , 2022 - OOTP Baseball 22.12 Build 89